Map: Frostline LE

Players

Glass

  • Race: Zerg Zerg
  • Spawn Location: 1:00

A.I. 1 (Very Easy) - Winner!

  • Race: Terran Terran
  • Spawn Location: 7:00

VOD

Have the link to the VOD?

Description

Time

  • Played on: April 7, 2025, 4:23 p.m.
  • Length: 7:42
Show
View Real Time Build Order
Export as new Build Order

Glass Zerg 

Build Orders: Hatch First 

Get SALT Encoding   

  12  0:00  Drone  
  13  0:13  Overlord  
  13  0:16  Drone  
  14  0:32  Drone x2  
  16  0:48  Hatchery  
  15  0:50  Drone  
  15  0:53  Drone  
  17  0:58  Drone  
  18  1:12  Spawning Pool  
  18  1:14  Drone  
  18  1:20  Drone  
  19  1:31  Drone  
  20  1:39  Overlord  
  20  1:53  Drone  
  21  2:00  Queen x2  
  25  2:01  Zergling x2  
  25  2:02  Zergling x2  
  27  2:11  Drone  
  27  2:13  Drone  
  29  2:22  Drone  
  30  2:23  Overlord  
  30  2:33  Drone  
  31  2:39  Queen x2  
  31  2:43  Drone  
  36  2:50  Drone x2  
  38  2:55  Hatchery  
  38  2:58  Drone x2  
  38  3:05  Overlord  
  39  3:12  Drone x5  
  44  3:19  Overlord  
  44  3:24  Drone x3  
  44  3:26  Extractor  
  46  3:27  Extractor  
  46  3:32  Drone x2  
  47  3:37  Queen  
  47  3:39  Queen  
  51  3:49  Drone  
  51  3:51  Drone  
  51  3:52  Drone  
  54  3:57  Roach Warren  
  54  3:58  Evolution Chamber  
  54  4:02  Drone x2  
  54  4:03  Drone x4  
  54  4:08  Queen  
  60  4:10  Drone  
  61  4:18  Drone x2  
  61  4:19  Overlord  
  61  4:23  Lair  
  63  4:26  Drone  
  63  4:28  Drone  
  65  4:34  Drone  
  65  4:35  Overlord  
  66  4:41  Zerg Missile Weapons Level 1  
  66  4:42  Drone x4  
  66  4:43  Drone  
  71  4:47  Roach  
  71  4:49  Overlord  
  71  4:51  Overlord  
  73  4:55  Roach x3  
  73  4:58  Drone x3  
  82  5:01  Overlord x2  
  82  5:03  Extractor  
  82  5:04  Extractor  
  82  5:05  Extractor  
  79  5:09  Drone  
  79  5:10  Drone x2  
  79  5:11  Drone x3  
  85  5:18  Drone  
  86  5:23  Drone  
  86  5:26  Overlord  
  86  5:27  Drone  
  88  5:30  Overlord  
  88  5:31  Overlord x3  
  88  5:32  Glial Reconstitution  
  88  5:44  Hatchery  
  88  5:45  Roach x3  
  88  5:46  Roach x4  
  101  5:51  Metabolic Boost  
  101  5:54  Roach x4  
  101  5:56  Overlord  
  109  6:00  Overlord  
  113  6:04  Roach x3  
  115  6:15  Roach x3  
  115  6:16  Roach x4  
  129  6:23  Overlord x3  
  129  6:24  Roach  
  129  6:25  Roach  
  133  6:33  Roach  
  133  6:34  Roach x4  
  133  6:35  Roach  
  133  6:36  Roach  
  149  6:40  Roach x2  
  149  6:42  Roach  
  149  6:44  Overseer  
  153  7:03  Roach x7  
  153  7:04  Roach x6  
  153  7:07  Ravager  
  180  7:10  Roach x3  
Show
View Real Time Build Order
Export as new Build Order

A.I. 1 (Very Easy) Terran - Winner!

Build Orders: Reaper Expand 

Get SALT Encoding   

  12  0:00  SCV  
  13  0:13  SCV  
  14  0:18  Supply Depot  
  14  0:41  Barracks  
  14  1:02  Command Center  
  14  1:28  Marine  
  14  1:30  Orbital Command, Supply Depot  
  15  1:38  Refinery  
  15  1:50  Refinery  
  15  1:56  SCV  
  16  2:08  SCV  
  16  2:14  SCV  
  18  2:17  Reaper  
  18  2:21  SCV  
  20  2:28  SCV  
  21  2:35  SCV  
  22  2:42  Refinery  
  22  2:43  SCV  
  23  2:50  SCV  
  24  2:57  SCV  
  25  3:03  Marine  
  25  3:04  SCV  
  27  3:12  SCV, Factory  
  28  3:36  Refinery  
  28  3:38  SCV  
  29  3:45  SCV  
  30  3:49  Marine  
  30  3:52  SCV  
  32  3:56  Supply Depot  
  32  3:59  Starport  
  32  4:00  SCV  
  33  4:07  SCV  
  34  4:14  SCV  
  35  4:22  SCV  
  36  4:29  SCV  
  37  4:35  Marine  
  37  4:36  SCV, Starport Tech Lab  
  37  4:38  Supply Depot  
  39  4:43  SCV  
  40  4:50  SCV  
  41  4:56  Raven  
  41  4:57  SCV  
  44  5:05  SCV  
  45  5:12  SCV  
  46  5:19  SCV  
  46  5:20  Marine  
  48  5:31  Raven  
  50  6:06  Reaper  
  51  6:40  Barracks Tech Lab  
  51  7:00  Marauder  
  53  7:29  SCV  
  51  7:39  Supply Depot  
Tags
 
Add a new tag
Caveats
  • Supply blocks, unpowered buildings, or Contaminate may cause inaccurate times.
  • Supply counts are checked every 10 seconds.